 Dungeon Crawl Stone Soup version 0.28.0-53-g5a82cb258f (webtiles) character file.

Game seed: 10830611791132583437

257 DildoBatman the Conjurer (level 6, -5/46 HPs)
             Began as a Formicid Conjurer on Aug 10, 2022.
             Slain by an ice beast (8 damage)
             ... on level 4 of the Dungeon.
             The game lasted 00:05:59 (2465 turns).

DildoBatman the Conjurer (Formicid Conjurer)        Turns: 2465, Time: 00:06:00

Health: -5/46      AC:  2    Str: 12    XL:     6   Next: 39%
Magic:  11/11      EV: 12    Int: 17    God:
Gold:   161        SH:  0    Dex: 13    Spells: 9/12 levels left

rFire   x . .      SeeInvis +   b - +6 war axe of Action {protect, rF- rN+++ Will+ Dex+2}
rCold   . . .      Faith    .   (no shield)
rNeg    + + +      Spirit   .   i - +0 robe
rPois   .          Reflect  .   (helmet unavailable)
rElec   .          Harm     .   (no cloak)
rCorr   +          Rampage  .   (no gloves)
Will    ++...                   (no boots)
Stlth   ++........              (no amulet)
HPRegen 0.15/turn               o - ring of resist corrosion
MPRegen 0.12/turn               w - ring of willpower

@: no status effects
A: permanent stasis, dig shafts and tunnels, antennae 3, four strong arms
a: Dig, Shaft Self


You were on level 4 of the Dungeon.
You visited 2 branches of the dungeon, and saw 5 of its levels.

You collected 161 gold pieces.

Inventory:

Hand Weapons
 a - a +0 hunting sling
 b - the +6 war axe of Action (weapon) {protect, rF- rN+++ Will+ Dex+2}
   (You found it on level 2 of the Dungeon)

   It grants its wielder temporary protection when it strikes (+7 to AC).
   Dex:       It affects your dexterity (+2).
   rF:        It makes you vulnerable to fire.
   rN:        It renders you almost immune to negative energy.
   Will:      It increases your willpower.
Missiles
 d - 57 stones
 j - 13 sling bullets
 l - 2 atropa-tipped darts
 n - 5 poisoned darts
 t - 22 arrows
Armour
 i - a +0 robe (worn)
Jewellery
 o - a ring of resist corrosion (left hand)
 w - a ring of willpower (right hand)
Wands
 x - a wand of polymorph (11)
Scrolls
 f - 2 scrolls of identify {unknown}
 k - a scroll of amnesia {unknown}
 m - 2 scrolls of fear {unknown}
 q - a scroll of enchant armour {unknown}
 u - a scroll of enchant weapon {unknown}
 v - a scroll of immolation {unknown}
Potions
 c - a potion of haste {unknown}
 e - a potion of resistance {unknown}
 g - a potion of brilliance {unknown}
 h - a potion of lignification {unknown}
 p - a potion of cancellation {unknown}
 r - 2 potions of mutation {unknown}
 s - a potion of heal wounds {unknown}


   Skills:
 * Level 2.8 Fighting
 * Level 2.9 Armour
 - Level 2.0 Dodging
 - Level 2.4 Stealth
 * Level 3.7 Spellcasting
 * Level 4.5 Conjurations


You had 9 spell levels left.
You knew the following spells:

 Your Spells              Type           Power      Damage    Failure   Level
a - Searing Ray           Conj           36%        2d5       3%          2
c - Magic Dart            Conj           72%        1d6       2%          1

Your spell library contained the following spells:

 Spells                   Type           Power      Damage    Failure   Level
 Dazzling Flash           Conj/Hex       20%        N/A       19%         3
 Fulminant Prism          Conj/Hex       5%         3d7       54%         4
 Iskenderun's Mystic Bla  Conj/Tloc      10%        2d4       54%         4


Dungeon Overview and Level Annotations

Branches:
Dungeon (4/15)             Temple (1/1) D:4

Altars:
Cheibriados
Dithmenos
Elyvilon
Fedhas
Gozag
Makhleb
Nemelex Xobeh
Ru
Sif Muna
Trog
Uskayaw
Vehumet
Xom
Yredelemnul
Zin
The Shining One


Innate Abilities, Weirdness & Mutations

You cannot be hasted, slowed, berserked, paralysed or teleported.
You can dig through walls and to a lower floor.
You have a pair of large antennae on your head. (SInv)
Your four strong arms can wield two-handed weapons with a shield.


Message History

Key pressed, stopping explore.
Found a shadowy altar of Dithmenos.
Done exploring.
Done exploring.
There is a shimmering blue altar of Sif Muna here.
There is a basalt altar of Yredelemnul here.
There is a staircase back to the Dungeon here.
This staircase leads to a travel-excluded area!
Enter next level anyway?
You climb upwards.
Welcome back to the Dungeon!
Level annotation: exclusion: ice beast The ice beast hits you.
The ice beast freezes you! The ice beast hits you. The ice beast freezes you.
There is a staircase to the Ecumenical Temple here.
Press: ? - help, v - describe, . - travel A stone staircase leading down.
Reduced exclusion size to a single square.
Removed exclusion.
What are your orders? t - Shout!
Orders for allies: a - Attack new target. r - Retreat! s - Stop attacking. g - Guard the area. f - Follow me.
Anything else - Cancel.
You shout for attention!
The ice beast hits you. The ice beast freezes you!
What are your orders? t - Shout!
Orders for allies: a - Attack new target. r - Retreat! s - Stop attacking. g - Guard the area. f - Follow me.
Anything else - Cancel.
You shout for attention!
The ice beast hits you. The ice beast freezes you!
You die...

#...# ##.# #.#.. ###.# #.
#>#.. #...### #....
#.#.#.## #.#.. #...#..#
#.... #.#.+..# ##.#..
#...#..# ##..###
#.#.#.###############...##
#...#.....@Y.............#
###.#)###############...##
#.).#.# ##.## #.#.#.#
#...### #...#.# #.....#
#[#.#.# #...#.# #...#.#
#####.# #.#.#.# #.#
#...#.# #.#


You could see an ice beast.

Vanquished Creatures
  A jelly (D:4)
  An orc priest (D:3)
  An iguana (D:4)
  An orc wizard (D:3)
  A hound skeleton (D:4)
  3 adders
  5 worms
  An adder skeleton (D:4)
  2 orcs (D:3)
  11 endoplasms
  5 giant cockroaches
  13 goblins
  7 hobgoblins
  4 jackals (D:1)
  5 kobolds
  3 quokkas
  9 ball pythons
  3 bats (D:2)
  A frilled lizard (D:3)
  4 rats
81 creatures vanquished.

Vanquished Creatures (others)
  A plant (D:4)
1 creature vanquished.

Grand Total: 82 creatures vanquished

Notes
Turn   | Place    | Note
-------+----------+-------------------------------------------
     0 | D:1      | DildoBatman the Formicid Conjurer began the quest for the
                  | Orb.
     0 | D:1      | Reached XP level 1. HP: 13/13 MP: 3/3
   212 | D:1      | Reached XP level 2. HP: 20/20 MP: 3/5
   215 | D:1      | Learned a level 2 spell: Searing Ray
   358 | D:1      | Found a faded altar of an unknown god.
   384 | D:1      | Reached skill level 1 in Armour
   401 | D:1      | Reached XP level 3. HP: 13/25 MP: 1/6
   417 | D:1      | Reached skill level 1 in Fighting
  1253 | D:2      | Found a basalt altar of Yredelemnul.
  1305 | D:2      | Reached XP level 4. HP: 32/32 MP: 8/8
  1305 | D:2      | Identified the +6 war axe of Action {protect, rF- rN+++
                  | Will+ Dex+2}
  1448 | D:2      | Reached skill level 4 in Conjurations
  1644 | D:3      | Reached XP level 5. HP: 24/38 MP: 5/9
  2136 | D:4      | Reached XP level 6. HP: 44/46 MP: 11/11
  2280 | D:4      | Noticed an ice beast
  2357 | D:4      | Found a staircase to the Ecumenical Temple.
  2386 | Temple   | Entered the Ecumenical Temple
  2465 | D:4      | Slain by an ice beast

Illustrated notes

Levels and vault maps discovered:
D:1:      roderic_dead_forest, layout_basic,
          hellmonk_ecumenical_altar_dog_temple
D:2:      layout_rooms, basic_altar, amcnicky_mini_pool_small
D:3:      layout_basic
D:4:      layout_loops_cross, mainiacjoe_overflow_boulevard,
          minmay_temple_entry_overgrown, hangedman_minor_gate_pass
Temple:   nicolae_temple_x_marks_the_god

Skill      XL: |  1  2  3  4  5 |
---------------+----------------+-----
Dodging        | 2 |  2.0
Armour         | 1 2 |  2.9
Fighting       | 1 2 |  2.8
Conjurations   | 4 |  4.5
Spellcasting   | 3 |  3.7
Stealth        | |  2.4

Action                   |  1- 3 |  4- 6 || total
-------------------------+-------+-------++-------
Melee: Dagger            |    11 |       ||    11
       Short sword       |    34 |       ||    34
       War axe           |       |    80 ||    80
 Fire: Hunting sling     |    11 |     2 ||    13
 Cast: Magic Dart        |    16 |       ||    16
       Searing Ray       |     6 |     6 ||    12
 Stab: Sleeping          |     2 |     6 ||     8
Armor: Robe              |    16 |    22 ||    38
Dodge: Dodged            |    32 |    46 ||    78
